AoeStats
← TW-TP-Xizhi-District

Hideout

509835148Analyzed
1v1 RM · 5d ago on Sep 28, 2026· 49m 36s· 2 players
Game mode
Random Map
Map size
Tiny (2 player)
Population
200
Speed
Normal
Resources
Standard
Victory
Conquest
Starting age
Dark Age
Ending age
Imperial Age
RankedLock teamsTeams togetherTeam positionsShared explorationLock speedFull tech treeHidden civsTurbo modeCheats
Victory
Defeat
🇨🇳 Koreans · China
528
+3
🇹🇼 Berbers · Taiwan
116
-3
TW-TP-Xizhi-District
1:17 Loom
14:52 Feudal Age
16:17 Wheelbarrow
15:31 Double-Bit Axe
16:17 Horse Collar
24:16 Castle Age
22:50 Fletching
24:52 Forging
24:46 Scale Mail Armor
25:17 Bow Saw
25:01 Pikeman
25:42 Gold Mining
26:27 Heavy Plow
27:20 Squires
27:47 Town Watch
28:44 Bodkin Arrow
29:37 Gold Shaft Mining
35:35 Imperial Age
34:32 Hand Cart
35:47 Town Patrol
37:05 Crop Rotation
38:31 Iron Casting
37:57 Bracer
38:13 Chain Mail Armor
38:07 Husbandry
38:49 Stone Mining
38:32 Elite Skirmisher
38:42 Crossbowman
39:35 Kasbah
39:54 Bloodlines
39:05 Light Cavalry
41:19 Thumb Ring
41:58 Stone Shaft Mining
42:31 Blast Furnace
41:33 Padded Archer Armor
42:08 Onager
44:08 Leather Archer Armor
44:23 Plate Mail Armor
44:28 Fervor
48:33 Scale Barding Armor
47:53 Hussar
48:42 Maghrebi Camels
50:17 Hoardings
50:07 Chain Barding Armor
Captain_S7
13:29 Feudal Age
15:00 Wheelbarrow
14:12 Double-Bit Axe
15:30 Horse Collar
16:51 Gold Mining
17:28 Stone Mining
24:50 Castle Age
23:18 Scale Mail Armor
23:59 Forging
23:49 Fletching
25:11 Scale Barding Armor
26:06 Hand Cart
27:03 Gold Shaft Mining
27:05 Stone Shaft Mining
26:45 Bow Saw
26:46 Heavy Plow
29:00 Squires
28:46 Arson
28:22 Pikeman
31:09 Thumb Ring
35:12 Imperial Age
33:11 Eupseong
33:37 Bodkin Arrow
33:27 Crossbowman
34:50 Iron Casting
34:41 Town Watch
35:24 Chain Mail Armor
35:14 Treadmill Crane
35:55 Ballistics
35:02 Man-at-Arms
36:48 Conscription
35:56 Elite Skirmisher
37:13 Town Patrol
38:54 Plate Mail Armor
38:25 Bracer
40:29 Two-Man Saw
42:25 Siege Engineers
42:06 Arbalester
43:56 Long Swordsman
46:07 Elite War Wagon
46:30 Two-Handed Swordsman
50:03 Chemistry
Connection lost

Rejoining the realm…

Still unreachable

The connection could not be restored.

Session expired

The server has moved on; the page needs a fresh start.